 Dungeon Sprint DCSS version 0.20.1-1-g8b1a95d (webtiles) character file.

419 Mitsuki the Fighter (level 6, 0/64 HPs)
             Began as a Hill Orc Fighter on Sept 25, 2017.
             Was an Initiate of the Shining One.
             Succumbed to Sonja's poison
             ... in the Dungeon (Sprint I: "Red Sonja").
             The game lasted 00:02:02 (1044 turns).

Mitsuki the Fighter (Hill Orc Fighter)              Turns: 1044, Time: 00:02:03

Health: 0/64       AC:  8    Str: 21    XL:     6   Next: 93%
Magic:  6/6        EV:  8    Int:  8    God:    the Shining One [......]
Gold:   297        SH: 11    Dex: 10    Spells: 5/5 levels left

rFire    . . .     SeeInvis .   a - +0 long sword
rCold    . . .     Gourm    .   c - +0 shield
rNeg     . . .     Faith    .   b - +0 scale mail
rPois    .         Spirit   .   (no helmet)
rElec    .         Reflect  .   (no cloak)
rCorr    .         Harm     .   (no gloves)
MR       .....     NoTele   +   (no boots)
Stlth    ..........             (no amulet)
Regen    0.2/turn               (no ring)
MPRegen  0.1/turn               (no ring)

@: lethally poisoned (0 -> -111), glowing
A: no striking features
a: Renounce Religion


You were in the Dungeon.
You worshipped the Shining One.
The Shining One was noncommittal.
You were not hungry.

You visited 1 branch You collected 297 gold pieces.

Inventory:

Hand Weapons
 a - a +0 long sword (weapon)
Armour
 b - a +0 scale mail (worn)
 c - a +0 shield (worn)
Scrolls
 k - a scroll of blinking
Potions
 d - a potion of might
 e - a potion of curing
 g - a potion of heal wounds
 h - a potion of haste
 i - 2 potions of magic
 j - a potion of berserk rage
 l - a potion of agility {unknown}
Comestibles
 f - 2 bread rations


   Skills:
 + Level 9.4 Fighting
 + Level 8.1 Long Blades
 + Level 8.6 Armour
 + Level 8.4 Shields
 + Level 0.0 Invocations


You had 5 spell levels left.
You didn't know any spells.

Dungeon Overview and Level Annotations

Branches:
Dungeon (1/1)

Altars:
Cheibriados
Dithmenos
Elyvilon
Fedhas
Gozag
Hepliaklqana
Kikubaaqudgha
Nemelex Xobeh
Okawaru
Qazlal
Ru
Sif Muna
Trog
Uskayaw
Vehumet
Yredelemnul
Zin
The Shining One

Shops:
D ?

Annotations:
D Sonja


Message History

You closely miss Sonja.
You feel very sick.
Sonja hits you with an uncursed short sword of venom.
* * * LOW HITPOINT WARNING * * *
You are more poisoned.
You block Sonja's attack. x2
Unknown command.
You barely miss Sonja.
* * * LOW HITPOINT WARNING * * *
You feel very sick. You block Sonja's attack.
Sonja hits you but does no damage.
You are more poisoned.
Sonja hits you but does no damage. x2
You are more poisoned.
Sonja hits you but does no damage.
You are more poisoned.
Sonja hits you but does no damage.
You are more poisoned.
You completely miss Sonja.
You die...

################
#<.#..').#..'..#
#..').#..').#..+
#..#####'#####'#
#..####..#...#.#
#..#__####..##.#
#..#_____##'#..+
#⌠⌠#_.∩..@K..._#
####_..__##_(#+#
#_____###'#
####### .# .$
.$# .## +#


You could see Sonja.

Vanquished Creatures
  Sigmund (D)
  A yak (D)
  An ogre (D)
  A jelly (D)
  Ijyb (D)
5 creatures vanquished.

Notes
Turn   | Place    | Note
-------+----------+-------------------------------------------
     0 | D        | Mitsuki the Hill Orc Fighter began the quest for the Orb.
     0 | D        | Reached XP level 1. HP: 19/19 MP: 1/1
     1 | D        | Noticed Ijyb
    12 | D        | Killed Ijyb
    12 | D        | Reached skill level 5 in Fighting
    12 | D        | Reached XP level 2. HP: 18/29 MP: 2/2
    12 | D        | Reached XP level 3. HP: 22/36 MP: 3/3
   128 | D        | Noticed an ogre
   139 | D        | Killed an ogre
   139 | D        | Reached skill level 6 in Fighting
   139 | D        | Reached skill level 5 in Long Blades
   139 | D        | Reached skill level 5 in Shields
   139 | D        | Reached XP level 4. HP: 21/45 MP: 4/4
   304 | D        | Noticed Sigmund
   320 | D        | Killed Sigmund
   320 | D        | Reached skill level 8 in Fighting
   320 | D        | Reached XP level 5. HP: 25/55 MP: 5/5
   320 | D        | Reached XP level 6. HP: 29/62 MP: 6/6
   496 | D        | Found a deep blue altar of Sif Muna.
   498 | D        | Found a radiant altar of Vehumet.
   721 | D        | Found Zemosegh's Magic Scroll Emporium.
   721 | D        | Found an ancient bone altar of Kikubaaqudgha.
   721 | D        | Found a hazy altar of Hepliaklqana.
   721 | D        | Found a stormy altar of Qazlal.
   721 | D        | Found a hide-covered altar of Uskayaw.
   721 | D        | Found a blossoming altar of Fedhas.
   721 | D        | Found a bloodstained altar of Trog.
   721 | D        | Found an iron altar of Okawaru.
   721 | D        | Found a basalt altar of Yredelemnul.
   721 | D        | Found a glowing golden altar of the Shining One.
   721 | D        | Found a snail-covered altar of Cheibriados.
   721 | D        | Found a sacrificial altar of Ru.
   721 | D        | Found a glowing silver altar of Zin.
   721 | D        | Found a shadowy altar of Dithmenos.
   721 | D        | Found a white marble altar of Elyvilon.
   721 | D        | Noticed a yak
   734 | D        | Killed a yak
   734 | D        | Reached skill level 9 in Fighting
  1016 | D        | Found an opulent altar of Gozag.
  1017 | D        | Found a sparkling altar of Nemelex Xobeh.
  1023 | D        | Became a worshipper of the Shining One
  1031 | D        | Noticed Sonja
  1044 | D        | Succumbed to Sonja's poison

Skill      XL: |  1  2  3  4  5  6 |
---------------+-------------------+-----
Fighting       | 5 6 8 9 |  9.4
Long Blades    | 3 5 7 8 |  8.1
Armour         | 4 6 7 8 |  8.6
Shields        | 4 5 7 8 |  8.4

Action                   |  1- 3 |  4- 6 || total
-------------------------+-------+-------++-------
Melee: Long sword        |    21 |    43 ||    64
Armor: Scale mail        |     6 |    18 ||    24
Dodge: Dodged            |     5 |    11 ||    16
Block: Shield            |     9 |    20 ||    29
       Rpst.: Long sword |     1 |       ||     1
